 Dungeon Crawl Stone Soup version 0.23.2-1-ga50397a6bc (webtiles) character file.

Game seed: 8511221575680462494

1250 Mithandil the Chopper (level 8, 0/70 HPs)
             Began as a Hill Orc Fighter on May 28, 2019.
             Slain by Joseph
             ... wielding a +0 quarterstaff
              (4 damage)
             ... on level 7 of the Dungeon on May 29, 2019.
             The game lasted 01:43:08 (5792 turns).

Mithandil the Chopper (Hill Orc Fighter)            Turns: 5792, Time: 01:43:08

Health: 0/70       AC: 12    Str: 26    XL:     8   Next: 50%
Magic:  8/8        EV:  6    Int:  8    God:
Gold:   388        SH: 11    Dex: 10    Spells: 7/7 levels left

rFire    . . .     SeeInvis .   a - +1 war axe
rCold    . . .     Gourm    .   c - +0 shield
rNeg     . . .     Faith    .   p - +0 chain mail
rPois    .         Spirit   .   n - +0 helmet
rElec    .         Reflect  .   H - +0 cloak
rCorr    +         Harm     .   (no gloves)
MR       .....                  (no boots)
Stlth    ..........             K - amulet of magic regeneration
HPRegen  0.21/turn              y - ring of resist corrosion
MPRegen  0.36/turn              F - ring of flight

@: mighty
A: no striking features
a: Evoke Flight


You were on level 7 of the Dungeon.
You were not hungry.

You visited 1 branch of the dungeon, and saw 7 of its levels.

You collected 388 gold pieces.

Inventory:

Hand Weapons
 a - a +1 war axe (weapon)
 m - a +1 whip of electrocution
 v - a +2 mace of protection
Missiles
 e - 132 stones
 i - 3 throwing nets
 o - 85 bolts
 q - 7 sling bullets
 t - 2 tomahawks (quivered)
Armour
 c - a +0 shield (worn)
 n - a +0 helmet (worn)
 p - a +0 chain mail (worn)
 z - a +2 ring mail of fire resistance
 H - a +0 cloak (worn)
Jewellery
 y - a ring of resist corrosion (left hand)
 F - a ring of flight (right hand)
 K - an amulet of magic regeneration (around neck)
Scrolls
 A - a scroll of noise {unknown}
 B - a scroll of vulnerability {unknown}
 J - a scroll of remove curse
Potions
 d - 3 potions of might
 g - 2 potions of ambrosia
 j - a potion of invisibility
 l - 3 potions of berserk rage
 s - a potion of flight
 w - 2 potions of degeneration
 x - a potion of cancellation
 C - a potion of magic {unknown}
 G - 2 potions of haste {unknown}
Comestibles
 f - 8 rations
 L - 3 chunks of flesh


   Skills:
 + Level 6.0 Fighting
 * Level 7.9 Axes
 + Level 5.4 Armour
 * Level 7.2 Shields


You had 7 spell levels left.
You didn't know any spells.
Your spell library was empty.

Dungeon Overview and Level Annotations

Branches:
Dungeon (7/15)
 Temple: D:4-7

Altars:
Makhleb
Nemelex Xobeh
Uskayaw
Wu Jian
Yredelemnul
Zin
The Shining One

Shops:
D:5 }

Annotations:
D:4 Eustachio, Menkaure
D:7 Joseph


Message History

Joseph is heavily wounded.
Joseph hits you with a +0 quarterstaff.
* * * LOW HITPOINT WARNING * * *
You closely miss Joseph.
Joseph is heavily wounded.
You block Joseph's attack.
You closely miss Joseph.
Joseph is heavily wounded.
Joseph hits you with a +0 quarterstaff.
* * * LOW HITPOINT WARNING * * *
You slash Joseph!
Joseph is severely wounded.
You block Joseph's attack.
You hit Joseph.
Joseph is almost dead.
Joseph hits you but does no damage.
You slash Joseph!
Joseph is almost dead.
Joseph hits you with a +0 quarterstaff.
You die...

.#. ... ..## ...# .....###
#.. ##....#..##
#..####......#...#
#............##..###
#......@.....##.รท..##
#.....@.............# #
#....(...#......"...#
..####...)(..###.......#.##
#.........(.##
#.......#..## #......(###
#...#.......# ###....##
##...#........
##...(..#####....#...####.
#...((.............### #..
#..##........##...## #..


You could see Joseph.

Vanquished Creatures
  A sky beast (D:6)
  An ogre (D:5)
  2 centaurs
  A bullfrog (D:6)
  2 scorpions
  2 water moccasin skeletons
  2 howler monkeys
  A crimson imp (D:5)
  A jelly (D:7)
  3 orc priests
  2 orc wizards (D:4)
  4 iguanas
  2 worker ants
  4 gnolls (D:6)
  7 adders
  An adder zombie (D:6)
  4 worms
  2 dart slugs (D:1)
  3 leopard geckos
  12 orcs
  9 bats
  5 giant cockroaches
  13 goblins
  8 hobgoblins
  12 jackals
  3 quokkas
  4 ball pythons
  3 frilled lizards
  3 kobolds
  6 rats
123 creatures vanquished.

Notes
Turn   | Place    | Note
-------+----------+-------------------------------------------
     0 | D:1      | Mithandil the Hill Orc Fighter began the quest for the Orb.
     0 | D:1      | Reached XP level 1. HP: 19/19 MP: 1/1
   173 | D:1      | Reached XP level 2. HP: 26/27 MP: 2/2
   849 | D:1      | Reached XP level 3. HP: 29/33 MP: 3/3
  1196 | D:2      | Found a glowing golden altar of the Shining One.
  1204 | D:2      | Noticed an angel
  1223 | D:2      | Found a basalt altar of Yredelemnul.
  1446 | D:2      | Reached XP level 4. HP: 34/40 MP: 4/4
  1892 | D:2      | Found a glowing silver altar of Zin.
  1922 | D:2      | Noticed a profane servitor
  2092 | D:2      | Reached XP level 5. HP: 12/46 MP: 5/5
  2576 | D:3      | Found a hide-covered altar of Uskayaw.
  2650 | D:3      | Found a sparkling altar of Nemelex Xobeh.
  2736 | D:3      | Found a burning altar of Makhleb.
  2881 | D:5      | Entered Level 5 of the Dungeon
  2881 | D:5      | Noticed a centaur
  2910 | D:4      | Reached skill level 5 in Axes
  2910 | D:4      | Reached skill level 5 in Shields
  2910 | D:4      | Reached XP level 6. HP: 41/53 MP: 6/6
  3066 | D:4      | Noticed Menkaure
  3156 | D:4      | Noticed Eustachio
  3549 | D:6      | Reached XP level 7. HP: 52/60 MP: 7/7
  3625 | D:6      | Found a glowing drain.
  3714 | D:5      | Reached skill level 5 in Fighting
  3933 | D:5      | Found an ornate altar of the Wu Jian Council.
  4270 | D:5      | Reached skill level 5 in Armour
  4308 | D:5      | Found Ylulus's Gadget Boutique.
  4416 | D:5      | Found a burning altar of Makhleb.
  4525 | D:6      | Reached XP level 8. HP: 42/69 MP: 8/8
  5758 | D:7      | Noticed Joseph
  5772 | D:7      | HP: 3/70 [Joseph/+0 quarterstaff (3)]
  5792 | D:7      | Slain by Joseph

Skill      XL: |  1  2  3  4  5  6  7  8 |
---------------+-------------------------+-----
Axes           | 3 4 5 7 |  7.9
Fighting       | 4 5 6 |  6.0
Shields        | 4 5 6 7 |  7.2
Armour         | 4 5 |  5.4

Action                   |  1- 3 |  4- 6 |  7- 9 || total
-------------------------+-------+-------+-------++-------
Melee: War axe           |   107 |   202 |   272 ||   581
  Use: Scroll            |       |    10 |     3 ||    13
       Potion            |       |       |     4 ||     4
  Eat: Chunk             |     2 |     5 |     4 ||    11
       Ration            |       |     1 |     1 ||     2
Armor: Scale mail        |    24 |       |       ||    24
       Chain mail        |    33 |   140 |   117 ||   290
Dodge: Dodged            |    30 |    60 |    52 ||   142
Block: Shield            |    52 |   108 |   131 ||   291
